 Dungeon Crawl Stone Soup version 0.30.1-3-gfc49f6343a (webtiles) character file.

Game seed: 14210761654847009012

315 safid the Chiller (level 6, -3/48 HPs)
             Began as a Merfolk Ice Elementalist on Aug 4, 2023.
             Slain by Edmund
             ... wielding a +2 dire flail of holy wrath
              (6 damage)
             ... on level 4 of the Dungeon.
             The game lasted 00:04:36 (3054 turns).

safid the Chiller (Merfolk Ice Elementalist)        Turns: 3054, Time: 00:04:37

Health: -3/48      AC:  3    Str:  8    XL:     6   Next: 44%
Magic:  20/20      EV: 12    Int: 20    God:
Gold:   109        SH:  0    Dex: 14    Spells: 5/12 levels left

rFire   + + +        r - +10 falchion of Vengeance {heavy, rF+++ rC- rN+ Int+3}
rCold   x . .        (no shield)
rNeg    + . .        a - +0 robe
rPois   .            l - +0 helmet
rElec   .            (no cloak)
rCorr   .            (no gloves)
SInv    .            (no boots)
Will    .....        (no amulet)
Stlth   ++           g - ring of magical power
HPRegen 0.28/turn    (no ring)
MPRegen 0.17/turn

%: no passive effects
@: lethally poisoned (-3 -> -5)
A: (nimble swimmer 2), mertail
a: no special abilities


You were on level 4 of the Dungeon.
You visited 1 branch of the dungeon, and saw 4 of its levels.

You collected 109 gold pieces.

Inventory:

Hand Weapons
 e - a +0 rapier of venom
 r - the +10 falchion of Vengeance (weapon) {heavy, rF+++ rC- rN+ Int+3}
   (You took it off an orc on level 3 of the Dungeon)

   Int:       It affects your intelligence (+3).
   rF:        It renders you almost immune to fire.
   rC:        It makes you vulnerable to cold.
   rN:        It protects you from negative energy.
Armour
 a - a +0 robe (worn)
 l - a +0 helmet (worn)
Jewellery
 g - a ring of magical power (left hand)
 k - a ring of fire
Wands
 s - a wand of roots (10)
Scrolls
 c - a scroll of poison {unknown}
 i - a scroll of noise {unknown}
 j - 2 scrolls of enchant weapon {unknown}
 n - a scroll of identify {unknown}
 o - a scroll of fear {unknown}
 p - a scroll of amnesia {unknown}
 t - a scroll of blinking {unknown}
Potions
 b - a potion of magic
 d - 2 potions of heal wounds {unknown}
 f - 2 potions of brilliance {unknown}
 h - 3 potions of cancellation {unknown}
 m - 2 potions of degeneration {unknown}
 q - a potion of curing
 u - a potion of haste {unknown}


   Skills:
 + Level 3.7 Fighting
 - Level 2.6 Dodging
 - Level 2.1 Stealth
 + Level 3.8 Spellcasting
 + Level 5.9 Ice Magic


You had 5 spell levels left.
You knew the following spells:

 Your Spells              Type           Power      Damage    Failure   Level
a - Freeze                Ice            100%       1d10      1%          1
b - Frozen Ramparts       Ice            54%        1d9       3%          3
c - Ozocubu's Armour      Ice            27%        N/A       3%          3

Your spell library contained the following spells:

 Spells                   Type           Power      Damage    Failure   Level
 Ensorcelled Hibernation  Hex/Ice        30%        N/A       6%          2
 Beastly Appendage        Tmut           6%         N/A       13%         1
 Cigotuvi's Dreadful Rot  Necr/Pois/Air  6%         N/A       21%         2
 Passwall                 Tmut/Erth      2%         N/A       21%         2
 Wereblood                Tmut           3%         N/A       21%         2
 Spider Form              Tmut/Pois      3%         N/A       36%         3
 Swiftness                Air            3%         N/A       36%         3
 Vhi's Electric Charge    Tloc/Air       6%         N/A       36%         3
 Summon Ice Beast         Ice/Summ       15%        N/A       36%         4
 Dispel Undead            Necr           3%         3d7       78%         4
 Arcjolt                  Conj/Air       1%         1d11      98%         5
 Death Channel            Necr           1%         N/A       100%        6
 Plasma Beam              Fire/Air       1%         2x1d12    100%        6


Dungeon Overview and Level Annotations

Branches:
Dungeon (4/15)
 Temple: D:4-7

Altars:
Uskayaw
Zin

Annotations:
D:3 1 runed translucent door, Crazy Yiuf
D:4 Edmund


Innate Abilities, Weirdness & Mutations

((You are very nimble when in or above water. (Stealth+, EV+, Speed+++)))
Your lower body shifts to a powerful aquatic tail in water.


Message History

You slash the ogre!
The ogre is severely wounded.
An adder comes into view.
The ogre hits you with a +0 giant club! Edmund closely misses you.
The ogre closely misses you.
You slash the ogre!
You kill the ogre!
Edmund closely misses you. Edmund barely misses you.
You closely miss Edmund. Edmund barely misses you.
The jelly closely misses you.
Edmund says, "Everyone always remembers my brother. 'Who's Edmund?' they ask!"
Edmund closely misses you. The orc barely misses you.
The jelly hits you but does no damage.
You slash Edmund!
Edmund is lightly wounded.
The jelly hits you.
You are splashed with acid!
Edmund barely misses you. The orc barely misses you. The adder bites you.
You are poisoned.
The adder poisons you!
Edmund hits you with a +2 dire flail of holy wrath!
The jelly barely misses you. The orc hits you with a +0 dagger.
* * * LOW HITPOINT WARNING * * *
The adder bites you.
* * * LOW HITPOINT WARNING * * *
Unknown command.
Unknown command.
Unknown command.
Unknown command.
Unknown command.
Unknown command.
You barely miss Edmund.
Edmund is lightly wounded.
You feel sick. The adder bites you.
* * * LOW HITPOINT WARNING * * *
The jelly hits you but does no damage. Edmund closely misses you.
The orc barely misses you. The adder barely misses you.
The orc hits you with a +0 dagger.
* * * LOW HITPOINT WARNING * * *
Edmund hits you with a +2 dire flail of holy wrath.
You die...

............. #
#...........# ... ..
#..........# ..##
...#.......... ....#
............####....
..............#...# ##
......@o....?...# ###.#
......J@.......# ##.#..#
......S.......####.....#
............#....#.#...#
.....$......#.#..#...#
...........####......#
..........###....#..##
###......§≈≈≈≈≈###..#
##<##?.#.##≈###≈....)##
#...#..###..§_'.......#


You could see Edmund, a jelly, an adder and an orc.

Vanquished Creatures
  2 ogres
  Terence (D:3)
  Robin (D:2)
  An adder (D:2)
  A worm (D:2)
  A dart slug (D:1)
  11 orcs
  5 endoplasms
  2 giant cockroaches (D:2)
  17 goblins
  9 hobgoblins
  5 jackals
  A quokka (D:3)
  10 ball pythons
  9 bats
  4 frilled lizards
  5 kobolds
  3 rats
88 creatures vanquished.

Notes
Turn   | Place    | Note
-------+----------+-------------------------------------------
     0 | D:1      | safid the Merfolk Ice Elementalist began the quest for the
                  | Orb.
     0 | D:1      | Reached XP level 1. HP: 13/13 MP: 3/3
   142 | D:1      | Reached XP level 2. HP: 20/20 MP: 1/5
   261 | D:1      | Reached skill level 1 in Fighting
   354 | D:1      | Noticed a golden eye
   357 | D:1      | Found a faded altar of an unknown god.
   358 | D:1      | Noticed a shining eye
   358 | D:1      | Noticed a shining eye
   358 | D:1      | Noticed an eye of devastation
  1265 | D:2      | Reached XP level 3. HP: 10/26 MP: 6/6
  1269 | D:2      | Learned a level 3 spell: Frozen Ramparts
  1484 | D:2      | Noticed Robin
  1491 | D:2      | Learned a level 3 spell: Ozocubu's Armour
  1495 | D:2      | Killed Robin
  1497 | D:2      | Reached skill level 5 in Ice Magic
  1497 | D:2      | Reached XP level 4. HP: 33/33 MP: 8/8
  2321 | D:3      | Identified the +10 falchion of Vengeance {heavy, rF+++ rC-
                  | rN+ Int+3}
  2380 | D:3      | Noticed Terence
  2382 | D:3      | Noticed an ogre
  2401 | D:3      | Killed an ogre
  2402 | D:3      | Reached XP level 5. HP: 38/41 MP: 10/10
  2402 | D:3      | Killed Terence
  2625 | D:3      | Found a runed translucent door.
  2626 | D:3      | Noticed Crazy Yiuf
  2697 | D:3      | Reached XP level 6. HP: 47/47 MP: 11/11
  2697 | D:3      | Found a glowing silver altar of Zin.
  3021 | D:4      | Found a hide-covered altar of Uskayaw.
  3046 | D:4      | Noticed Edmund
  3054 | D:4      | Slain by Edmund

Illustrated notes

Levels and vault maps discovered:
D:1:      roderic_chinese_lattice_arrival, layout_basic,
          hellmonk_ecumenical_altar_watching_god
D:2:      layout_basic, minmay_misc_feat_nine_boxes, uniq_robin
D:3:      layout_rooms, lemuel_tele_altar, minmay_pentomino_pile, uniq_terence,
          uniq_crazy_yiuf_cottage
D:4:      layout_cave_pools, kennysheep_mini_moat, mainiacjoe_overflow_paths,
          chequers_temple_overflow_minitemple, hangedman_decor_peaks_small,
          grunt_ministairs_5, kennysheep_path_1, uniq_edmund

Skill      XL: |  1  2  3  4 |
---------------+-------------+-----
Fighting       | 1 2 3 |  3.7
Ice Magic      | 5 |  5.9
Spellcasting   | 3 |  3.8
Dodging        | |  2.6
Stealth        | |  2.1

Action                     |  1- 3 |  4- 6 || total
---------------------------+-------+-------++-------
  Melee: Unarmed           |    30 |       ||    30
         Punch             |     1 |     2 ||     3
         Hand axe          |    45 |    14 ||    59
         Rapier            |       |    40 ||    40
         Falchion          |       |    33 ||    33
         Dagger            |       |     1 ||     1
   Cast: Freeze            |    24 |     2 ||    26
         Frozen Ramparts   |     1 |     3 ||     4
         Ozocubu's Armour  |       |     2 ||     2
   Stab: Sleeping          |     6 |     3 ||     9
 Armour: Robe              |    35 |    30 ||    65
  Dodge: Dodged            |    66 |    80 ||   146
